 Dungeon Crawl Stone Soup version 0.19-a0-1732-g0b18a7b (webtiles) character file.

25 4thArraOfDagon the Firebug (level 2, 0/15 HPs)
             Began as a Deep Elf Fire Elementalist on Sept 30, 2016.
             Was an Initiate of Sif Muna.
             Slain by a bullfrog zombie (2 damage)
             ... on level 5 of the Dungeon.
             The game lasted 00:02:10 (350 turns).

4thArraOfDagon the Firebug (DEFE)                    Turns: 350, Time: 00:02:11

Health: 0/15       AC:  2    Str:  5    XL:     2   Next: 82%
Magic:  3/8        EV: 13    Int: 19    God:    Sif Muna [......]
Gold:   40         SH:  0    Dex: 15    Spells: 1 memorised, 6 levels left

rFire  . . .     SeeInvis .     f - +0 flail
rCold  . . .     Gourm    .     a - +0 robe
rNeg   . . .     Faith    .     (no shield)
rPois  .         Spirit   .     (no helmet)
rElec  .         Dismiss  .     (no cloak)
rCorr  .         Reflect  .     (no gloves)
MR     .....     Harm     .     (no boots)
Stlth  ++........               (no amulet)
                                (no ring)
                                (no ring)

@: no status effects
A: no striking features
a: Renounce Religion


You were on level 5 of the Dungeon.
You worshipped Sif Muna.
Sif Muna was noncommittal.
You were not hungry.

You visited 2 branches of the dungeon, and saw 6 of its levels.

You collected 40 gold pieces.

Inventory:

Hand Weapons
 f - a +0 flail (weapon)
Armour
 a - a +0 robe (worn)
Scrolls
 e - a scroll of immolation {unknown}
Books
 b - a book of Flames

   Spells                             Type                      Level
   a - Flame Tongue                   Conjuration/Fire             1
   b - Throw Flame                    Conjuration/Fire             2
   c - Conjure Flame                  Conjuration/Fire             3
   d - Inner Flame                    Hexes/Fire                   3
   e - Sticky Flame                   Conjuration/Fire             4
   f - Fireball                       Conjuration/Fire             5
Comestibles
 c - 2 bread rations
 d - a meat ration


   Skills:
 - Level 2.4 Dodging
 - Level 2.4 Stealth
 + Level 3.4 Spellcasting
 * Level 1.9 Conjurations
 * Level 3.9 Fire Magic
 + Level 0.0 Invocations


You had 6 spell levels left.
You knew the following spells:

 Your Spells              Type           Power        Failure   Level  Hunger
a - Flame Tongue          Conj/Fire      ##...        6%          1    None


Dungeon Overview and Level Annotations

Branches:
Dungeon (5/15)             Temple (1/1) D:4

Altars:
Ashenzari
Cheibriados
Fedhas
Kikubaaqudgha
Makhleb
Okawaru
Qazlal
Sif Muna
Trog
Uskayaw
Xom
Yredelemnul
Zin
The Shining One

Annotations:
D:2 Robin
D:5 Grinder


Message History

The bullfrog zombie closely misses you.
Casting: Flame Tongue
Confirm with . or Enter, or press ? or * to list all spells.
Aiming: Flame Tongue
Press: ? - help, Shift-Dir - straight line, f/p - bullfrog zombie
Aim: a bullfrog zombie (heavily damaged)
The flame tongue hits the bullfrog zombie.
The bullfrog zombie is heavily damaged.
The bullfrog zombie hits you.
* * * LOW HITPOINT WARNING * * *
Casting: Flame Tongue
Confirm with . or Enter, or press ? or * to list all spells.
Aiming: Flame Tongue
Press: ? - help, Shift-Dir - straight line, f/p - bullfrog zombie
Aim: a bullfrog zombie (heavily damaged)
The flame tongue hits the bullfrog zombie.
The bullfrog zombie is severely damaged.
The bullfrog zombie hits you but does no damage.
The bullfrog zombie hits you.
You die...

## .# (# ## .#
#. .# #. ###.#
#. #.Z.#
.#####.#####@###
.............#
..%....<.)...#
5...........##
............#
..........>.#
............#
.........<..#
....[.......#


You could see a bullfrog zombie.

Vanquished Creatures
  An adder (D:2)
  An adder zombie (D:5)
  2 orcs (Temple)
  A hobgoblin (D:2)
  2 kobolds
  2 bats
  A jackal skeleton (D:4)
  3 rats
13 creatures vanquished.

Notes
Turn   | Place    | Note
-------+----------+-------------------------------------------
     0 | D:1      | 4thArraOfDagon the Deep Elf Fire Elementalist began the quest for the Orb.
     0 | D:1      | Reached XP level 1. HP: 10/10 MP: 6/6
    55 | D:2      | Reached XP level 2. HP: 9/15 MP: 0/8
    86 | D:2      | Noticed Robin
   190 | D:4      | Found a staircase to the Ecumenical Temple.
   200 | Temple   | Entered the Ecumenical Temple
   225 | Temple   | Became a worshipper of Sif Muna the Loreminder
   314 | D:5      | Entered Level 5 of the Dungeon
   314 | D:5      | Noticed Grinder
   350 | D:5      | Slain by a bullfrog zombie

Vault maps used:
D:1:      dpeg_arrival_arbitrary_c
D:2:      minmay_box_of_dots, uniq_terence, uniq_natasha, uniq_robin
D:3:      kennysheep_generic_room_12
D:4:      minmay_fire_ice_demons
D:5:      serial_shops, nicolae_shop_crystal, first_bread, uniq_grinder
Temple:   compressed_dpeg_circular_temple

Action                   || total
-------------------------++-------
Melee: Unarmed           ||     1
 Cast: Flame Tongue      ||    28
  Use: Potion            ||     1
Armor: Robe              ||    11
Dodge: Dodged            ||    51
